 Dungeon Crawl Stone Soup version 0.22.1-2-g9c5b331383 (webtiles) character file.

4660 Revguard the Cleaver (level 10, -3/88 HPs)
             Began as a Minotaur Gladiator on Dec 16, 2018.
             Was a Believer of Makhleb.
             Slain by an unseen horror (10 damage)
             ... on level 8 of the Dungeon.
             The game lasted 00:19:39 (7506 turns).

Revguard the Cleaver (Minotaur Gladiator)           Turns: 7506, Time: 00:19:40

Health: -3/88      AC: 11    Str: 28    XL:     10   Next: 20%
Magic:  12/12      EV: 16    Int:  8    God:    Makhleb [**....]
Gold:   370        SH:  0    Dex: 13    Spells: 7/9 levels left

rFire    . . .     SeeInvis .   y - +0 battleaxe
rCold    . . .     Gourm    +   (shield currently unavailable)
rNeg     + . .     Faith    .   q - +4 robe of the Invisible Hand {rElec rC- Str+7}
rPois    .         Spirit   .   c - +0 hat
rElec    +         Reflect  .   o - +0 cloak
rCorr    .         Harm     .   (no gloves)
MR       +....                  B - +2 pair of boots
Stlth    +.........             s - amulet of Kuoxoi {Gourm rC+ Int+3}
HPRegen  0.24/turn              e - ring of positive energy
MPRegen  0.13/turn              v - ring of protection from magic

@: no status effects
A: retaliatory headbutt, horns 2
a: Minor Destruction, Renounce Religion


You were on level 8 of the Dungeon.
You worshipped Makhleb.
Makhleb was pleased with you.
You were very full.

You visited 2 branches of the dungeon, and saw 9 of its levels.

You collected 370 gold pieces.

Inventory:

Hand Weapons
 y - a +0 battleaxe (weapon)
Missiles
 d - 3 throwing nets (quivered)
Armour
 c - a +0 hat (worn)
 o - a +0 cloak (worn)
 q - the +4 robe of the Invisible Hand (worn) {rElec rC- Str+7}
   (You found it on level 4 of the Dungeon)

   It affects your strength (+7).
   It makes you vulnerable to cold.
   It insulates you from electricity.
 B - a +2 pair of boots (worn)
Jewellery
 b - a +3 ring of intelligence
 e - a ring of positive energy (left hand)
 l - a cursed amulet of inaccuracy {unknown}
 s - the amulet of Kuoxoi (around neck) {Gourm rC+ Int+3}
   (You found it on level 4 of the Dungeon)

   [amulet of the gourmand]

   It allows you to eat raw meat even when not hungry.
   It affects your intelligence (+3).
   It protects you from cold.
 v - a ring of protection from magic (right hand)
Wands
 t - a wand of acid (3)
 x - a wand of random effects (21)
Scrolls
 g - 2 scrolls of teleportation
 h - a scroll of enchant armour {unknown}
 i - a scroll of immolation {unknown}
 j - 4 scrolls of remove curse
 k - 8 scrolls of identify {unknown}
 m - 2 scrolls of enchant weapon {unknown}
 p - 2 scrolls of blinking
 r - a scroll of fog {unknown}
 u - a scroll of magic mapping
 w - a scroll of noise {unknown}
 A - a scroll of amnesia {unknown}
 D - a scroll of fear {unknown}
Potions
 a - 2 potions of curing
 n - a potion of flight
Comestibles
 f - 15 rations


   Skills:
 + Level 8.1 Fighting
 + Level 12.3 Axes
 - Level 2.0 Throwing
 * Level 5.9 Armour
 + Level 7.1 Dodging
 + Level 4.3 Invocations


You had 7 spell levels left.
You knew the following spells:

 Your Spells              Type           Power        Failure   Level  Hunger
a - Passwall              Tmut/Erth      #.......     54%         2    ###....

Your spell library contained the following spells:

 Spells                   Type           Power        Failure   Level  Hunger
 Animate Skeleton         Necr           N/A          41%         1    ##.....
 Apportation              Tloc           #.....       41%         1    ##.....
 Confusing Touch          Hex            #.....       41%         1    ##.....
 Sandblast                Erth           #.....       41%         1    ##.....
 Summon Small Mammal      Summ           #...         41%         1    ##.....
 Stone Arrow              Conj/Erth      #.....       78%         3    ####...
 Petrify                  Tmut/Erth      #.......     99%         4    #####..
 Lee's Rapid Deconstruct  Erth           #.........   100%        5    ######.


Dungeon Overview and Level Annotations

Branches:
Dungeon (8/15)             Temple (1/1) D:7
   Lair: D:8-11

Altars:
Ashenzari
Cheibriados
Dithmenos
Elyvilon
Fedhas
Gozag
Hepliaklqana
Kikubaaqudgha
Makhleb
Nemelex Xobeh
Okawaru
Qazlal
Ru
Sif Muna
Trog
Uskayaw
Vehumet
Wu Jian
Xom
Yredelemnul
Zin
The Shining One

Shops:
D:5 !


Innate Abilities, Weirdness & Mutations

You reflexively headbutt those who attack you in melee.
You have a pair of horns on your head.


Message History

The orc wizard casts a spell.
The orc wizard flickers and vanishes!
The worker ant waves its antennae.
The wyvern bites you but does no damage.
Press: ? - help, Shift-Dir - straight line, f - wyvern
Aim: a wyvern The glob of acid hits the wyvern.
The wyvern is splashed with acid.
The wyvern is heavily wounded.
The wyvern is splashed with acid.
The acid corrodes the wyvern!
You feel less wooden.
Your +0 cloak unmelds from your body.
Your +0 hat unmelds from your body.
Your +2 pair of boots unmelds from your body.
The +4 robe of the Invisible Hand {rElec rC- Str+7} unmelds from your body.
Something hits you.
* * * LOW HITPOINT WARNING * * *
The wyvern bites you but does no damage.
You closely miss the wyvern.
The wyvern is severely wounded.
Something hits you!
You die...

............##..
.......†........
.
.......<...###..
....#.....†..###
)...#..........#
........≈...#.#).
................
..#.###o.###..%#
. #..@lo..z.....
#######.(....(
.#..... .#.....
.# .... .. ... .#
...


You could see a wyvern, a wight and 2 orcs.

Vanquished Creatures
  A two-headed ogre (D:8)
  Pikel (D:6)
  A deep elf mage (D:7)
  A hippogriff (D:8)
  A wyvern (D:8)
  2 slaves (D:6)
  2 sky beasts
  2 ice beasts
  3 ogres
  3 phantoms
  A centaur (D:6)
  A big kobold (D:7)
  6 bullfrogs (D:7)
  6 scorpions
  3 wights (D:6)
  2 howler monkeys
  2 crimson imps
  3 hounds
  Crazy Yiuf (D:6)
  3 orc priests
  A jelly (D:5)
  2 orc wizards
  A gnoll shaman (D:6)
  A bullfrog skeleton (D:6)
  6 worker ants
  Natasha (thrice) (D:3 D:6)
  A hound zombie (D:7)
  A hound skeleton (D:4)
  A worker ant zombie (D:6)
  8 gnolls
  14 adders
  5 worms
  2 dart slugs (D:1)
  7 orcs
  4 giant cockroaches
  4 hobgoblins
  8 jackals
  6 kobolds
  8 quokkas
  2 ball pythons
  4 bats (D:2)
  4 frilled lizards
  9 goblins
  2 jackal skeletons (D:7)
  A jackal zombie (D:5)
  6 rats
156 creatures vanquished.

Vanquished Creatures (others)
  An adder skeleton (D:6)
1 creature vanquished.

Grand Total: 157 creatures vanquished

Notes
Turn   | Place    | Note
-------+----------+-------------------------------------------
     0 | D:1      | Revguard the Minotaur Gladiator began the quest for the
                  | Orb.
     0 | D:1      | Reached XP level 1. HP: 18/18 MP: 0/0
   240 | D:1      | Reached skill level 4 in Axes
   240 | D:1      | Reached XP level 2. HP: 21/25 MP: 1/1
   853 | D:2      | Reached XP level 3. HP: 27/30 MP: 2/2
   995 | D:2      | Reached skill level 1 in Armour
  1063 | D:2      | Reached XP level 4. HP: 37/37 MP: 3/3
  1314 | D:2      | Reached skill level 5 in Axes
  1629 | D:3      | Found a deep blue altar of Sif Muna.
  1629 | D:3      | Found a burning altar of Makhleb.
  1660 | D:3      | Became a worshipper of Makhleb the Destroyer
  1687 | D:3      | Noticed Natasha
  1696 | D:3      | Killed Natasha
  1912 | D:3      | Noticed Natasha
  1924 | D:3      | Killed Natasha
  1924 | D:3      | Reached XP level 5. HP: 25/45 MP: 4/4
  2626 | D:4      | Reached skill level 1 in Invocations
  2648 | D:4      | Noticed a phantom
  2683 | D:4      | Killed a phantom
  2683 | D:4      | Reached skill level 6 in Axes
  2683 | D:4      | Reached XP level 6. HP: 17/51 MP: 4/6
  2846 | D:4      | Got a tattered robe
  2857 | D:4      | Identified the +4 robe of the Invisible Hand {rElec rC-
                  | Str+7} (You found it on level 4 of the Dungeon)
  3024 | D:4      | Reached * piety under Makhleb
  3293 | D:4      | Got a twitching platinum amulet
  3294 | D:4      | Identified the amulet of Kuoxoi {Gourm rC+ Int+3} (You
                  | found it on level 4 of the Dungeon)
  3851 | D:5      | Entered Level 5 of the Dungeon
  3914 | D:5      | Found Vavvurch's Distillery.
  3954 | D:5      | Reached XP level 7. HP: 40/59 MP: 7/7
  3974 | D:5      | Reached skill level 7 in Axes
  4574 | D:6      | Found a runed door.
  4578 | D:6      | Noticed Crazy Yiuf
  4580 | D:6      | Killed Crazy Yiuf
  4721 | D:6      | Reached skill level 5 in Dodging
  4846 | D:6      | Reached skill level 5 in Fighting
  4846 | D:6      | Reached skill level 8 in Axes
  4846 | D:6      | Reached XP level 8. HP: 23/68 MP: 9/9
  5255 | D:6      | Found an ancient bone altar of Kikubaaqudgha.
  5356 | D:6      | Noticed Natasha
  5360 | D:6      | Killed Natasha
  5440 | D:6      | Noticed Pikel
  5461 | D:6      | HP: 2/68 [Pikel/whip of freezing (2)]
  5462 | D:6      | Killed Pikel
  5462 | D:6      | Reached skill level 9 in Axes
  5958 | D:6      | Reached ** piety under Makhleb
  5958 | D:6      | Reached skill level 10 in Axes
  5964 | D:6      | Reached XP level 9. HP: 44/75 MP: 11/11
  5982 | D:6      | Learned a level 2 spell: Passwall
  6753 | D:7      | Reached skill level 11 in Axes
  6807 | D:7      | Noticed a deep elf mage
  6809 | D:7      | Noticed a sixfirhy
  6812 | D:7      | Found an ornate altar of the Wu Jian Council.
  6819 | D:7      | Noticed a sun demon
  6819 | D:7      | Killed a deep elf mage
  7122 | D:7      | Reached skill level 5 in Armour
  7161 | D:7      | Found a staircase to the Ecumenical Temple.
  7175 | Temple   | Entered the Ecumenical Temple
  7455 | D:8      | Noticed a two-headed ogre
  7476 | D:8      | Reached skill level 12 in Axes
  7484 | D:8      | Reached XP level 10. HP: 35/88 MP: 12/12
  7493 | D:8      | Killed a two-headed ogre
  7506 | D:8      | Slain by an unseen horror

Skill      XL: |  1  2  3  4  5  6  7  8  9 10 |
---------------+-------------------------------+-----
Axes           | 4 5 6 8 10 12 | 12.3
Armour         | 1 2 3 5 |  5.9
Dodging        | 4 5 6 7 |  7.1
Fighting       | 3 4 5 6 7 8 |  8.1
Invocations    | 1 2 3 4 |  4.3
Throwing       | |  2.0

Action                   |  1- 3 |  4- 6 |  7- 9 | 10-12 || total
-------------------------+-------+-------+-------+-------++-------
Melee: War axe           |    56 |   128 |    43 |       ||   227
       Headbutt          |    10 |    22 |    38 |       ||    70
       Battleaxe         |       |       |   207 |    16 ||   223
Invok: Minor Destruction |       |       |       |     1 ||     1
  Use: Potion            |     1 |     6 |     8 |     1 ||    16
       Scroll            |       |     4 |       |       ||     4
 Stab: Invisible         |       |     1 |       |       ||     1
       Sleeping          |       |       |     2 |       ||     2
  Eat: Chunk             |       |    15 |    13 |       ||    28
Armor: Leather armour    |    12 |     9 |       |       ||    21
       Robe              |       |    15 |    60 |     1 ||    76
       Skin              |       |       |    33 |    28 ||    61
Dodge: Dodged            |    43 |    87 |   162 |     5 ||   297
